 Dungeon Crawl Stone Soup version 0.29-a0-422-gafbd6decc1 (webtiles) character file.

Game seed: 10290857483417216875

30 xian the Vandal (level 3, -4/30 HPs)
             Began as a Minotaur Hunter on May 18, 2022.
             Was a Follower of Trog.
             Slain by a gnoll
             ... wielding a +0 flail
              (8 damage)
             ... on level 2 of the Dungeon.
             The game lasted 00:02:22 (775 turns).

xian the Vandal (Minotaur Hunter)                    Turns: 775, Time: 00:02:22

Health: -4/30      AC:  3    Str: 17    XL:     3   Next: 3%
Magic:  2/2        EV: 12    Int:  6    God:    Trog [*.....]
Gold:   157        SH:  0    Dex: 13    Spells: 2/2 levels left

rFire   . . .      SeeInvis .   a - +1 hunting sling
rCold   . . .      Faith    .   (no shield)
rNeg    . . .      Spirit   .   b - +0 leather armour
rPois   .          Reflect  .   (helmet restricted)
rElec   .          Harm     .   (no cloak)
rCorr   .          Rampage  .   (no gloves)
Will    .....                   (no boots)
Stlth   +.........              (no amulet)
HPRegen 0.10/turn               (no ring)
MPRegen 0.08/turn               (no ring)

@: no status effects
A: horns 2, retaliatory headbutt
a: Renounce Religion, Berserk


You were on level 2 of the Dungeon.
You worshipped Trog.
Trog was aware of your devotion.
You visited 1 branch of the dungeon, and saw 2 of its levels.

You collected 157 gold pieces.

Inventory:

Hand Weapons
 a - a +1 hunting sling (weapon)
Armour
 b - a +0 leather armour (worn)
Scrolls
 c - a scroll of immolation
 d - 2 scrolls of identify {unknown}
 e - a scroll of acquirement {unknown}
 h - a scroll of teleportation {unknown}
Potions
 f - a potion of curing {unknown}
 g - a potion of magic {unknown}
 i - a potion of invisibility {unknown}


   Skills:
 + Level 2.5 Fighting
 + Level 5.4 Slings
 + Level 2.2 Dodging
 + Level 0.7 Stealth


You had 2 spell levels left.
You didn't know any spells.
Your spell library contained the following spells:

 Spells                   Type           Power      Damage    Failure   Level
 Foxfire                  Conj/Fire      0%         2x1d4     52%         1


Dungeon Overview and Level Annotations

Branches:
Dungeon (2/15)

Altars:
Trog

Shops:
D:1 *


Innate Abilities, Weirdness & Mutations

You have a pair of horns on your head.
You reflexively headbutt those who attack you in melee.


Message History

Really attack while wielding your +1 hunting sling?
Okay, then.
You shoot a sling bullet.
The sling bullet barely misses the endoplasm.
The gnoll shouts!
You hear a shout! x2; You hear a bark!
A gnoll comes into view. It is wielding a +0 spear.
The endoplasm freezes you.
You are frozen.
You shoot a sling bullet. The sling bullet hits the endoplasm.
You kill the endoplasm!
Trog accepts your kill.
You shoot a sling bullet.
The sling bullet closely misses the gnoll.
The gnoll hits you with a +0 flail!
A jackal comes into view.
A gnoll comes into view. It is wielding a +0 spear.
The gnoll hits you with a +0 flail.
You are too injured to fight recklessly!
You are too injured to fight recklessly!
You are too injured to fight recklessly!
You are too injured to fight recklessly!
You are too injured to fight recklessly!
Unknown command.
The gnoll attacks as you move away! The gnoll barely misses you.
You are too injured to fight recklessly!
Fire: a) +1 hunting sling
Press: ? - help, Q - select action Shift-Dir - straight line, f/p - gnoll
Aim: a gnoll, wielding a +0 flail (63% to hit)
You shoot a sling bullet.
The sling bullet hits the gnoll but does no damage.
A gnoll comes into view. It is wielding a +0 spear.
Fire: a) +1 hunting sling
Press: ? - help, Q - select action Shift-Dir - straight line, f/p - gnoll
Aim: a gnoll, wielding a +0 flail (63% to hit)
You shoot a sling bullet. The sling bullet hits the gnoll.
The gnoll is moderately wounded.
The gnoll hits you with a +0 flail!
* * * LOW HITPOINT WARNING * * *
The gnoll attacks as you move away! The gnoll hits you with a +0 flail!
You die...

# #..##.#.... .......
#.#...$.#.... .....##
#.#..g....... .......
.##.(..g........ .......
........)...............
........................
..##...g................
........................
#....$g@##.............#
#.##..........<.......#.
. #....#.####...........
....#.##...........##...
....#.#.......#^....##..
...#
###....####.###..... ...
#.....##....# ####.. ...
#...####.#..# #..
....##..#####.#.##
####..


You could see 4 gnolls.

Vanquished Creatures
  A worm (D:2)
  3 ball pythons
  2 bats
  6 endoplasms
  A giant cockroach (D:1)
  3 goblins
  2 hobgoblins (D:1)
  2 kobolds
  A frilled lizard (D:2)
  2 rats (D:1)
23 creatures vanquished.

Vanquished Creatures (others)
  4 toadstools (D:1)
4 creatures vanquished.

Grand Total: 27 creatures vanquished

Notes
Turn   | Place    | Note
-------+----------+-------------------------------------------
     0 | D:1      | xian the Minotaur Hunter began the quest for the Orb.
     0 | D:1      | Reached XP level 1. HP: 18/18 MP: 0/0
   146 | D:1      | Reached XP level 2. HP: 22/25 MP: 1/1
   246 | D:1      | Found Ucyb's Assorted Antiques.
   251 | D:1      | Reached skill level 5 in Slings
   342 | D:1      | Found a faded altar of an unknown god.
   347 | D:1      | Got Plato's Compendium of the Blaze
   348 | D:1      | Prayed at the altar of an unknown god.
   348 | D:1      | Became a worshipper of Trog the Wrathful
   348 | D:1      | Reached * piety under Trog
   761 | D:2      | Reached XP level 3. HP: 30/30 MP: 2/2
   775 | D:2      | Slain by a gnoll

Illustrated notes

Levels and vault maps discovered:
D:1:      lemuel_arrival_rhombus, layout_rooms,
          shapermc_ecumenical_altar_rom_forum, serial_shops, shop,
          chequers_serial_rivers_small_b, minmay_gold_behind_fungi
D:2:      layout_rooms

Skill      XL: |  1  2 |
---------------+-------+-----
Slings         | 5 |  5.4
Fighting       | |  2.5
Dodging        | |  2.2
Stealth        | |  0.7

Action                   || total
-------------------------++-------
 Fire: Hunting sling     ||    69
Armor: Leather armour    ||     9
Dodge: Dodged            ||    10

Table legend: (Time is in decaauts)
 A = Elapsed time spent in this place.
 B = Non-inter-level travel time spent in this place.
 C = Inter-level travel time spent in this place.
 D = Time resting spent in this place.
 E = Time spent auto-exploring this place.
 F = Levels seen in this place.
 G = Mean time per level.
                   A        B        C        D        E       F      G
               +--------+--------+--------+--------+--------+-----+--------+
         Total |    794 |    794 |      0 |      0 |    624 |   2 |  397.0 |
       Dungeon |    794 |    794 |      0 |      0 |    624 |   2 |  397.0 |
               +--------+--------+--------+--------+--------+-----+--------+

Top non-repeatable levels by time:
     D:1: 422 daAuts
     D:2: 372 daAuts
